 Dungeon Crawl Stone Soup version 0.29.1-1-gd02db6906a (webtiles) character file.

Game seed: 17378725396478533528

26921 ImASeal the Fighter (level 13, 0/141 HPs)
             Began as a Troll Fighter on Oct 18, 2022.
             Was an Initiate of Gozag.
             Slain by an ogre mage
             ... wielding a +0 spear
              (4 damage)
             ... on level 2 of the Orcish Mines.
             The game lasted 00:53:59 (13934 turns).

ImASeal the Fighter (Troll Fighter)                Turns: 13934, Time: 00:54:00

Health: 0/141      AC:  6    Str: 31    XL:     13   Next: 1%
Magic:  12/12      EV: 10    Int:  4    God:    Gozag
Gold:   3019       SH: 16    Dex:  9    Spells: 12/12 levels left

rFire   + . .      SeeInvis .   H - +3 spear (venom)
rCold   + + .      Faith    .   I - +2 kite shield {reflect}
rNeg    . . .      Spirit   .   G - +1 robe {rC+ rF+}
rPois   .          Reflect  +   (helmet restricted)
rElec   .          Harm     .   E - +0 cloak
rCorr   .          Rampage  .   (gloves unavailable)
Will    +....                   (boots unavailable)
Stlth   +.........              w - amulet of reflection
HPRegen 1.13/turn               o - ring of protection from cold
MPRegen 0.13/turn               v - ring of willpower

@: gold aura, studying Poison Magic
A: large, unfitting armour, claws 3, regeneration 1, shaggy fur 1, tough skin 1
a: Renounce Religion, Potion Petition, Call Merchant, Bribe Branch


You were on level 2 of the Orcish Mines.
You worshipped Gozag.
Gozag was most pleased with you.
You visited 4 branches of the dungeon, and saw 15 of its levels.

You collected 3830 gold pieces.
You spent 722 gold pieces at shops.
You paid 89 gold pieces to Gozag.

Inventory:

Hand Weapons
 H - a +3 spear of venom (weapon)
 J - a +4 trident
 R - a +0 triple crossbow
Missiles
 b - 2 throwing nets
 g - 50 poisoned darts
 j - 104 stones
 B - 3 boomerangs
 F - 15 large rocks
Armour
 E - a +0 cloak (worn)
 G - a +1 robe of resistance (worn)
 I - a +2 kite shield of reflection (worn)
 W - a scarf of invisibility
Jewellery
 a - a ring of protection from fire
 o - a ring of protection from cold (left claw)
 p - a ring of fire
 v - a ring of willpower (right claw)
 w - an amulet of reflection (around neck)
 C - an amulet of the acrobat
 S - a +6 ring of intelligence
 T - a ring of flight
 V - a ring of resist corrosion
 Z - an amulet of magic regeneration
Wands
 c - a wand of paralysis (3)
 r - a wand of iceblast (14)
 u - a wand of acid (8)
 O - a wand of polymorph (10)
 Q - a wand of mindburst (3)
Scrolls
 e - 3 scrolls of amnesia
 i - 3 scrolls of teleportation (quivered)
 m - 2 scrolls of poison
 q - a scroll of identify
 x - 2 scrolls of vulnerability
 y - 2 scrolls of summoning
 z - a scroll of fog
 D - a scroll of immolation
 L - a scroll of enchant weapon
 P - 3 scrolls of enchant armour
 U - 3 scrolls of blinking {unknown}
Potions
 d - 2 potions of might
 f - 3 potions of cancellation
 h - 2 potions of ambrosia {unknown}
 k - 3 potions of degeneration {unknown}
 l - 2 potions of resistance {unknown}
 n - 5 potions of flight
 t - 4 potions of lignification
 A - a potion of mutation
 M - 2 potions of heal wounds
 N - 4 potions of curing
 X - a potion of magic
 Y - a potion of attraction


   Skills:
 + Level 12.6 Fighting
 + Level 9.6 Polearms
 + Level 5.8 Throwing
 + Level 6.1 Dodging
 + Level 8.5 Shields


You had 12 spell levels left.
You didn't know any spells.
Your spell library contained the following spells:

 Spells                   Type           Power      Damage    Failure   Level
 Sublimation of Blood     Necr           0%         N/A       86%         2
 Wereblood                Tmut           0%         N/A       86%         2
 Petrify                  Tmut/Erth      0%         N/A       100%        4
 Irradiate                Conj/Tmut      0%         3d11      100%        5
 Summon Hydra             Summ           0%         N/A       100%        7


Dungeon Overview and Level Annotations

Branches:
Dungeon (11/15)            Temple (1/1) D:6            Lair (1/5) D:10
    Orc (2/2) D:11            Elf (0/3) Orc:2

Altars:
Ashenzari
Cheibriados
Dithmenos
Elyvilon
Fedhas
Gozag
Hepliaklqana
Kikubaaqudgha
Makhleb
Nemelex Xobeh
Okawaru
Qazlal
Ru
Sif Muna
Trog
Uskayaw
Vehumet
Wu Jian
Xom
Yredelemnul
Zin
The Shining One
Lugonu

Shops:
D:5 !   D:9 *   Orc:2 ![=

Portals:
Abyss: D:3

Annotations:
D:4 3 runed translucent doors, Peon's ghost, amateur MiFi; matti1234's ghost, novice KoEn; waddelsworth's ghost, amateur OpTm


Innate Abilities, Weirdness & Mutations

You are too large for most types of armour.
You have claws for hands.
Your natural rate of healing is unusually fast.
You are covered in fur. (AC +1)
You have tough skin. (AC +1)


Message History

Your surroundings seem slightly different. 2 ogres and an orc warrior come into view.
Found Ocemoduc's Distillery.
The ogre shouts! x2; The orc warrior shouts!
The orc priest is distracted by your dazzling golden aura.
A troll comes into view.
The troll shouts!
You hear a shout!
You hear some strange, mumbled words.
The ogre seems to speed up.
An orc comes into view. It is wielding a +0 dagger.
The ogre is distracted by your dazzling golden aura.
You block the ogre mage's attack.
Keep disrobing?
The two-headed ogre is distracted by your dazzling golden aura. x2
You block the ogre's attack.
You start removing your amulet.
You continue taking off your amulet of reflection.
The orc warrior hits you with a +0 scimitar!!
* * * LOW HITPOINT WARNING * * *
The ogre barely misses you.
The two-headed ogre shouts in stereo!
You continue taking off your amulet of reflection.
The orc priest shouts!
The two-headed ogre shouts in stereo!
The ogre shouts!
The ogre mage closely misses you.
The troll is distracted by your dazzling golden aura.
You block the ogre's attack.
The orc warrior hits you with a +0 scimitar!
* * * LOW HITPOINT WARNING * * *
You block the ogre's attack.
The troll shouts!
You continue taking off your amulet of reflection.
You hear a shout!
The two-headed ogre is no longer distracted by gold.
The ogre is no longer distracted by gold.
You block the ogre's attack.
The ogre hits you with a +0 giant spiked club!
* * * LOW HITPOINT WARNING * * *
The orc priest looks braver for a moment.
The ogre mage hits you from afar with a +0 spear.
You die...
Your body crumbles into a pile of gold.

..#......O.)
............∩.....T.4T##
...................o###.
.............##.#.$.. ##
..........o..###........
........................
......∩.oT..............
.......oO..∩.#.#......#.
.......
.......@oOTo...........#
#......
........OOT..O.........#
#...............O.O...O.......#
....O.#...........Oo#........#
..#..#.......................#
T....#................o..o...##
....§....................§....#
....§......#...............#.##
....§......#........#.#.....##


You could see 3 two-headed ogres, an ogre mage, 3 trolls, an orc warrior, 5
ogres, 2 orc priests and 4 orcs.

Vanquished Creatures
  A centaur warrior (D:10)
  8 two-headed ogres
  A tengu warrior (D:10)
  A deep troll (Orc:2)
  An orc knight (Orc:1)
  2 orc sorcerers (Orc:1)
  3 cyclopes
  10 centaur zombies (D:11)
  Joseph (D:8)
  A gargoyle (D:11)
  An unseen horror (D:11)
  5 komodo dragons
  5 trolls
  2 meliai zombies (D:11)
  A slime creature (Orc:2)
  4 shadows
  8 wyverns
  3 steam dragons
  A basilisk (Lair:1)
  13 yaks
  2 wargs
  3 water moccasins
  An acid dragon (D:11)
  9 orc warriors
  A black bear (D:7)
  18 ogres
  A phantom (D:5)
  9 wolves (Lair:1)
  2 centaurs
  2 kobold brigands (D:9)
  5 bullfrogs
  A necrophage (D:6)
  4 gnoll sergeants
  2 scorpions
  8 wights
  5 killer bees (D:10)
  7 howler monkeys
  2 jellies
  2 gnoll boudas
  6 orc priests
  2 hounds
  4 iguanas
  8 orc wizards
  39 gnolls
  5 adders
  A shadow imp (D:7)
  An ufetubus (D:6)
  5 worms
  2 dart slugs
  63 orcs
  8 endoplasms
  4 giant cockroaches
  7 hobgoblins
  10 jackals
  2 quokkas
  8 ball pythons
  5 bats
  A frilled lizard (D:1)
  2 goblins
  23 kobolds
  2 rats
364 creatures vanquished.

Vanquished Creatures (others)
  A fungus (Lair:1)
  7 plants (Lair:1)
8 creatures vanquished.

Grand Total: 372 creatures vanquished

Notes
Turn   | Place    | Note
-------+----------+-------------------------------------------
     0 | D:1      | ImASeal the Troll Fighter began the quest for the Orb.
     0 | D:1      | Reached XP level 1. HP: 22/22 MP: 0/0
   157 | D:1      | Found a faded altar of an unknown god.
   160 | D:1      | Reached XP level 2. HP: 29/29 MP: 1/1
   163 | D:1      | Reached skill level 3 in Fighting
   487 | D:1      | Reached XP level 3. HP: 37/37 MP: 2/2
   809 | D:2      | Reached skill level 4 in Fighting
   850 | D:2      | Found a bloodstained altar of Trog.
   892 | D:2      | Reached XP level 4. HP: 47/48 MP: 3/3
  1530 | D:3      | Reached XP level 5. HP: 55/55 MP: 4/4
  1555 | D:3      | Found a large runed translucent door.
  1555 | D:3      | Found a large runed translucent door.
  1556 | D:3      | Found a corrupted altar of Lugonu.
  1618 | D:3      | Found a shimmering blue altar of Sif Muna.
  1789 | D:3      | Found a one-way gate to the infinite horrors of the Abyss.
  2176 | D:4      | Reached skill level 5 in Fighting
  2311 | D:4      | Noticed an ogre
  2326 | D:4      | Killed an ogre
  2367 | D:4      | Noticed an ogre
  2376 | D:4      | Killed an ogre
  2377 | D:4      | Reached skill level 6 in Fighting
  2377 | D:4      | Reached XP level 6. HP: 67/67 MP: 5/5
  2443 | D:4      | Found a snail-covered altar of Cheibriados.
  2687 | D:4      | Noticed a two-headed ogre
  2695 | D:4      | Killed a two-headed ogre
  2696 | D:4      | Reached skill level 8 in Fighting
  2696 | D:4      | Reached XP level 7. HP: 38/80 MP: 6/6
  2847 | D:4      | Found a runed translucent gate.
  2847 | D:4      | Found a runed translucent gate.
  2847 | D:4      | Found a runed translucent gate.
  2847 | D:4      | Noticed Peon's ghost (amateur MiFi)
  2848 | D:4      | Noticed matti1234's ghost (novice KoEn)
  2848 | D:4      | Noticed waddelsworth's ghost (amateur OpTm)
  3094 | D:5      | Entered Level 5 of the Dungeon
  3140 | D:5      | Reached XP level 8. HP: 88/89 MP: 7/7
  3187 | D:5      | Found Ettumn's Distillery.
  3239 | D:5      | Bought a potion of mutation for 88 gold pieces
  3239 | D:5      | Bought a potion of lignification for 33 gold pieces
  3239 | D:5      | Bought a potion of curing for 33 gold pieces
  3347 | D:5      | HP: 4/91 [orc wizard/puff of flame (9)]
  3353 | D:5      | Reached skill level 9 in Fighting
  3458 | D:5      | Found a sacrificial altar of Ru.
  3778 | D:5      | Found a bloodstained altar of Trog.
  3778 | D:5      | Found a white marble altar of Elyvilon.
  4200 | D:6      | Found a staircase to the Ecumenical Temple.
  4241 | Temple   | Entered the Ecumenical Temple
  4490 | Temple   | Became a worshipper of Gozag Ym Sagoz the Greedy
  4588 | D:6      | Reached skill level 10 in Fighting
  4775 | D:6      | Reached XP level 9. HP: 73/101 MP: 8/8
  4917 | D:7      | Reached skill level 1 in Throwing
  5697 | D:8      | Noticed a two-headed ogre
  5704 | D:8      | Noticed Joseph
  5714 | D:8      | Killed Joseph
  5715 | D:8      | Reached skill level 11 in Fighting
  5724 | D:8      | Killed a two-headed ogre
  5725 | D:8      | Reached XP level 10. HP: 50/114 MP: 9/9
  5749 | D:8      | Reached skill level 5 in Polearms
  5841 | D:8      | Found a blossoming altar of Fedhas.
  5994 | D:8      | Found a burning altar of Makhleb.
  5997 | D:8      | Found an ornate altar of the Wu Jian Council.
  6567 | D:9      | Found Hez Osh's General Store.
  6586 | D:9      | Bought a potion of heal wounds for 75 gold pieces
  6586 | D:9      | Bought a scroll of noise for 15 gold pieces
  6586 | D:9      | Bought a scroll of teleportation for 45 gold pieces
  6586 | D:9      | Bought a potion of flight for 45 gold pieces
  6586 | D:9      | Bought a scroll of enchant armour for 112 gold pieces
  7337 | D:10     | Entered Level 10 of the Dungeon
  7685 | D:10     | Noticed a centaur warrior
  7685 | D:10     | Noticed a tengu warrior
  7695 | D:10     | Killed a centaur warrior
  7696 | D:10     | Reached XP level 11. HP: 111/123 MP: 10/10
  7722 | D:10     | HP: 2/123 [tengu warrior/+2 dire flail (17)]
  7723 | D:10     | Killed a tengu warrior
  8266 | D:10     | Reached skill level 5 in Shields
  8309 | D:10     | Found a staircase to the Lair.
  8659 | Lair:1   | Entered Level 1 of the Lair of Beasts
  9427 | Lair:1   | Reached skill level 12 in Fighting
  9966 | D:5      | Bought a potion of flight for 33 gold pieces
  9966 | D:5      | Bought a potion of curing for 33 gold pieces
  9966 | D:5      | Bought a potion of magic for 88 gold pieces
  9966 | D:5      | Bought a potion of might for 44 gold pieces
  9966 | D:5      | Bought a potion of attraction for 33 gold pieces
 10059 | D:9      | Bought a scroll of teleportation for 45 gold pieces
 10334 | D:11     | Found a basalt altar of Yredelemnul.
 10542 | D:11     | Reached skill level 5 in Dodging
 10542 | D:11     | Reached XP level 12. HP: 117/132 MP: 11/11
 10608 | D:11     | Noticed a two-headed ogre
 10624 | D:11     | Killed a two-headed ogre
 10997 | D:11     | Found a staircase to the Orcish Mines.
 11159 | D:11     | Identified the +5 spear of Uncertain Death {protect, Contam
                  | Dex+4}
 11692 | Orc:1    | Entered Level 1 of the Orcish Mines
 11699 | Orc:1    | You fall into a shaft and drop 1 floor!
 11699 | Orc:2    | Entered Level 2 of the Orcish Mines
 12388 | Orc:2    | Noticed an orc high priest
 13061 | Orc:2    | Noticed a two-headed ogre
 13077 | Orc:2    | Killed a two-headed ogre
 13079 | Orc:2    | Noticed a two-headed ogre
 13085 | Orc:2    | Noticed a two-headed ogre
 13400 | Orc:2    | Noticed a two-headed ogre
 13437 | Orc:2    | Killed a two-headed ogre
 13444 | Orc:2    | Reached skill level 5 in Throwing
 13552 | Orc:2    | Noticed a two-headed ogre
 13608 | Orc:1    | Killed a two-headed ogre
 13683 | Orc:2    | an orc high priest changed into a slime creature
 13716 | Orc:2    | Noticed a two-headed ogre
 13726 | Orc:2    | Killed a two-headed ogre
 13834 | Orc:2    | Found Godenn's Jewellery Emporium.
 13835 | Orc:2    | Noticed a two-headed ogre
 13852 | Orc:2    | Killed a two-headed ogre
 13887 | Orc:2    | Reached XP level 13. HP: 54/141 MP: 12/12
 13913 | Orc:2    | Found a staircase to the Elven Halls.
 13922 | Orc:2    | Found Riurhy's Antique Armour Shop.
 13928 | Orc:2    | Found Ocemoduc's Distillery.
 13934 | Orc:2    | HP: 4/141 [ogre/+0 giant spiked club (14)]
 13934 | Orc:2    | Slain by an ogre mage

Illustrated notes

Levels and vault maps discovered:
D:1:      lightli_arrival_flooded_house, layout_loops_ring,
          ebering_ecumenical_altar_hall
D:2:      layout_loops_ring, basic_altar, minmay_heptomino_o4
D:3:      due_chaos_kobolds, layout_rooms, general_overflow_altar
D:4:      layout_cave_pods, lemuel_tele_altar, gammafunk_ghost_cemetery,
          minmay_manual_moon
D:5:      layout_loops_cross, gammafunk_temple_overflow_statue,
          mainiacjoe_overflow_paths, serial_shops, nicolae_square_shop
D:6:      layout_rooms, temple_pool_b
D:7:      layout_basic
D:8:      layout_basic, mainiacjoe_overflow_boulevard, minitemple, uniq_joseph
D:9:      layout_basic, serial_shops, shop_coins
D:10:     layout_cave_pools, erik_lair_dragon, minivault_20,
          roderic_roman_lattice
D:11:     layout_basic, orc_0_dummy, nicolae_yredelemnul_corpse_copse
Temple:   zaba_magenta_temple
Lair:1:   layout_concentric_octagons, grunt_megastairs_1
Orc:1:    layout_caves, enter_volcano_4
Orc:2:    st_orc_open, layout_diamond_mine

Skill      XL: |  1  2  3  4  5  6  7  8  9 10 11 12 |
---------------+-------------------------------------+-----
Fighting       | 3 4 6 8 10 11 12 | 12.6
Polearms       | 4 7 8 9 |  9.6
Throwing       | 2 3 5 |  5.8
Shields        | 4 6 8 |  8.5
Dodging        | 3 5 6 |  6.1

Action                   |  1- 3 |  4- 6 |  7- 9 | 10-12 | 13-15 || total
-------------------------+-------+-------+-------+-------+-------++-------
Melee: Trident           |   137 |   204 |   245 |       |       ||   586
       Spear             |       |       |   134 |  1092 |     2 ||  1228
Throw: Dart              |       |     7 |       |       |       ||     7
       Boomerang         |       |       |    24 |   147 |     3 ||   174
       Stone             |       |       |     5 |       |       ||     5
Evoke: Wand              |       |     4 |     1 |     1 |     1 ||     7
  Use: Potion            |       |       |     4 |     5 |       ||     9
       Scroll            |       |       |       |    15 |     3 ||    18
 Stab: Sleeping          |       |     1 |       |       |       ||     1
       Distracted        |       |       |     1 |     3 |       ||     4
Armor: Robe              |    43 |    45 |    50 |   176 |     1 ||   315
Dodge: Dodged            |    46 |    57 |    72 |   214 |     4 ||   393
Block: Kite shield       |    40 |   103 |   200 |   698 |    16 ||  1057
       Reflection        |       |     5 |     6 |    14 |       ||    25
